 Dungeon Crawl Stone Soup version 0.23.2-1-ga50397a6bc (webtiles) character file.

Game seed: 9751459439863398454

51 Banto the Ruffian (level 3, -1/28 HPs)
             Began as a Demigod Wanderer on May 10, 2019.
             Slain by a gnoll
             ... wielding a +0 spear
              (3 damage)
             ... on level 2 of the Dungeon.
             The game lasted 00:02:02 (1418 turns).

Banto the Ruffian (Demigod Wanderer)                Turns: 1418, Time: 00:02:03

Health: -1/28      AC:  2    Str: 16    XL:     3   Next: 38%
Magic:  8/8        EV: 12    Int: 17    God:
Gold:   51         SH:  0    Dex: 15    Spells: 5/5 levels left

rFire    . . .     SeeInvis .   k - +2 dagger (protect)
rCold    . . .     Gourm    .   (no shield)
rNeg     + . .     Faith    .   e - +0 robe
rPois    .         Spirit   .   (no helmet)
rElec    .         Reflect  .   (no cloak)
rCorr    .         Harm     .   (no gloves)
MR       .....                  (no boots)
Stlth    ++........             (no amulet)
HPRegen  0.09/turn              h - ring of positive energy
MPRegen  0.11/turn              (no ring)

@: no status effects
A: high mp 1
a: no special abilities


You were on level 2 of the Dungeon.
You were not hungry.

You visited 1 branch of the dungeon, and saw 2 of its levels.

You collected 51 gold pieces.

Inventory:

Hand Weapons
 a - a +0 club
 k - a +2 dagger of protection (weapon)
Armour
 e - a +0 robe (worn)
Jewellery
 h - a ring of positive energy (left hand)
Wands
 q - a wand of acid (8)
Scrolls
 f - 4 scrolls of blinking
 i - 2 scrolls of identify {unknown}
 j - 3 scrolls of remove curse {unknown}
 l - a scroll of random uselessness {unknown}
 o - a scroll of noise {unknown}
 p - a scroll of enchant armour {unknown}
Potions
 b - a potion of heal wounds
 c - a potion of lignification
 d - a potion of curing
 n - 3 potions of haste {unknown}
Comestibles
 g - 5 rations
 m - 3 chunks of flesh


   Skills:
 + Level 1.4 Fighting
 + Level 1.4 Armour
 + Level 1.3 Dodging
 - Level 1.0 Stealth
   Level 1.0 Shields
 - Level 2.9 Unarmed Combat
 - Level 1.7 Spellcasting
   Level 1.7 Conjurations
   Level 1.0 Charms


You had 5 spell levels left.
You didn't know any spells.
Your spell library was empty.

Dungeon Overview and Level Annotations

Branches:
Dungeon (2/15)


Innate Abilities, Weirdness & Mutations

You have an increased reservoir of magic. (+10% MP)


Message History

The gnoll misses you.
You hit the gnoll.
You kill the gnoll!
You hear a splash.
The gnoll hits you from afar with a +0 spear!
The gnoll closely misses you.
You are too injured to fight recklessly!
The gnoll hits you from afar with a +0 spear!
* * * LOW HITPOINT WARNING * * *
Some of the chunks of flesh in your inventory have rotted away.
The gnoll closely misses you.
You hit the gnoll but do no damage.
Your weapon exudes an aura of protection.
The gnoll hits you with a +0 spear.
* * * LOW HITPOINT WARNING * * *
The gnoll hits you from afar with a +0 spear.
* * * LOW HITPOINT WARNING * * *
The gnoll misses you. The gnoll hits you with a +0 spear.
You die...

#........g### #......g#.#
#.........## #..........#
#........g.#
#.......#..####
#######......# #.#..#.#
#...>#@#########
#....#.g.......#
#....#.#######.#
#....#g......#.#
#....#g#####.#.#
###########....#.# #.#.#
.........รท..(..#.#####.#.#
############...#....g..#.#
#...#########.#


You could see 3 gnolls.

Vanquished Creatures
  A gnoll (D:2)
  An ooze (D:2)
  2 worms (D:2)
  6 giant cockroaches
  6 goblins
  A hobgoblin (D:2)
  4 kobolds (D:1)
  3 bats
  3 frilled lizards
  6 rats
33 creatures vanquished.

Notes
Turn   | Place    | Note
-------+----------+-------------------------------------------
     0 | D:1      | Banto the Demigod Wanderer began the quest for the Orb.
     0 | D:1      | Banto set off with the following items: a +0 club, a potion
                  | of heal wounds, a potion of lignification, a potion of
                  | curing, a +0 robe, a scroll of blinking, a ration
     0 | D:1      | Reached XP level 1. HP: 14/14 MP: 5/5
   358 | D:1      | Reached XP level 2. HP: 18/22 MP: 7/7
   739 | D:1      | Reached skill level 1 in Armour
   984 | D:2      | Reached skill level 1 in Fighting
   984 | D:2      | Reached skill level 1 in Dodging
  1185 | D:2      | Reached XP level 3. HP: 28/28 MP: 8/8
  1418 | D:2      | Slain by a gnoll

Skill      XL: |  1  2 |
---------------+-------+-----
Armour         | 1 |  1.4
Fighting       | 1 |  1.4
Dodging        | 1 |  1.3
Stealth        | |  1.0
Shields        | |  1.0
Unarmed Combat | |  2.9
Spellcasting   | |  1.7
Conjurations   | |  1.7
Charms         | |  1.0

Action                   || total
-------------------------++-------
Melee: Club              ||    14
       Dagger            ||   106
       Punch             ||     1
 Stab: Sleeping          ||     2
  Eat: Chunk             ||     2
Armor: Robe              ||    36
Dodge: Dodged            ||    81
